 Dungeon Crawl Stone Soup version 0.28.0-43-g3370ac3207 (webtiles) character file.

Game seed: 14694750173736835697

151 Icepheonix32 the Firebug (level 5, 0/34 HPs)
             Began as a Draconian Fire Elementalist on Mar 4, 2022.
             Slain by an orc wizard
             ... wielding a +0 dagger
              (2 damage)
             ... on level 3 of the Dungeon.
             The game lasted 00:03:50 (2163 turns).

Icepheonix32 the Firebug (DrFE)                     Turns: 2163, Time: 00:03:50

Health: 0/34       AC:  5    Str:  9 (11) XL:     5   Next: 10%
Magic:  7/7        EV: 12    Int: 15 (17) God:
Gold:   7          SH:  0    Dex:  8 (11) Spells: 7/8 levels left

rFire   . . .      SeeInvis .   m - +2 dagger (holy)
rCold   . . .      Faith    .   (no shield)
rNeg    . . .      Spirit   .   (armour unavailable)
rPois   .          Reflect  .   (helmet restricted)
rElec   .          Harm     .   (no cloak)
rCorr   .          Rampage  .   (no gloves)
Will    .....                   (no boots)
Stlth   +.........              e - amulet of magic regeneration
HPRegen 0.11/turn               (no ring)
MPRegen 0.50/turn               (no ring)

@: confused, mighty, hasted, very quick
A: AC +5, unfitting armour, cold-blooded, stinger 1, frail 1, low MP 1
a: no special abilities


You were on level 3 of the Dungeon.
You visited 1 branch of the dungeon, and saw 3 of its levels.

You collected 7 gold pieces.

Inventory:

Hand Weapons
 m - a +2 dagger of holy wrath (weapon)
Jewellery
 e - an amulet of magic regeneration (around neck)
 f - a ring of magical power
 j - an amulet of regeneration
Scrolls
 c - 2 scrolls of fear {unknown}
 g - a scroll of magic mapping {unknown}
 h - 2 scrolls of noise {unknown}
 k - a scroll of enchant weapon {unknown}
Potions
 a - a potion of might


   Skills:
 * Level 2.3 Dodging
 - Level 1.7 Stealth
 - Level 2.0 Spellcasting
 + Level 2.5 Conjurations
 + Level 4.9 Fire Magic


You had 7 spell levels left.
You knew the following spells:

 Your Spells              Type           Power      Damage    Failure   Level
a - Foxfire               Conj/Fire      48%        2x1d6     4%          1

Your spell library contained the following spells:

 Spells                   Type           Power      Damage    Failure   Level
 Scorch                   Fire           32%        2d6       4%          2
 Conjure Flame            Conj/Fire      12%        6-21      14%         3
 Inner Flame              Hex/Fire       8%         N/A       24%         3
 Flame Wave               Conj/Fire      12%        2d6       43%         4


Dungeon Overview and Level Annotations

Branches:
Dungeon (3/15)

Altars:

Shops:
D:2 [


Innate Abilities, Weirdness & Mutations

Your plain brown scales are hard. (AC +5)
You cannot fit into any form of body armour.
You are cold-blooded and may be slowed by cold attacks.
Your tail ends in a venomous barb.
You are frail. (-10% HP)
Your magical capacity is low. (-10% MP)


Message History

* * * LOW HITPOINT WARNING * * *
The frilled lizard bites you but does no damage.
It was a potion of curing.
You feel better.
The frilled lizard bites you but does no damage.
You puncture the orc!
You kill the orc!
Something hits you.
* * * LOW HITPOINT WARNING * * *
The frilled lizard bites you.
* * * LOW HITPOINT WARNING * * *
Unknown command.
You puncture the orc!
You kill the orc!
Something hits you but does no damage. The frilled lizard closely misses you.
Unknown command.
You miss the frilled lizard. Something hits you.
* * * LOW HITPOINT WARNING * * *
The frilled lizard bites you but does no damage.
It was a potion of magic.
Magic courses through your body. Something hits you.
* * * LOW HITPOINT WARNING * * *
The frilled lizard barely misses you.
You closely miss something.
You hear some strange, mumbled words.
You are confused.
The frilled lizard bites you.
* * * LOW HITPOINT WARNING * * *
Unknown command.
It was a potion of haste.
You feel yourself speed up. Something hits you but does no damage.
The frilled lizard bites you but does no damage.
It was a potion of mutation.
You feel extremely strange.
You feel frail.
You feel less energetic.
A venomous barb forms on the end of your tail.
Something hits you but does no damage.
You bump into the rock wall.
The frilled lizard closely misses you.
You miss the frilled lizard. Something hits you but does no damage.
The frilled lizard barely misses you.
You bump into the rock wall.
Something hits you.
You die...

### # ..$...
#######.#....
#.{w...)...[?
#@l..<.)))...
#.:.....)....
#............
#............
........##....
####.###......#
#.# ### ### #.#


You could see a worm and a frilled lizard.

Vanquished Creatures
  An orc priest (D:3)
  3 adders (D:2)
  A worm (D:2)
  4 dart slugs
  5 orcs (D:3)
  3 ball pythons
  4 bats (D:1)
  5 endoplasms
  4 giant cockroaches
  5 goblins
  3 hobgoblins
  6 kobolds
  3 quokkas (D:1)
  3 frilled lizards
  13 rats
63 creatures vanquished.

Vanquished Creatures (others)
  An orc wizard (D:3)
  183 foxfires
184 creatures vanquished.

Grand Total: 247 creatures vanquished

Notes
Turn   | Place    | Note
-------+----------+-------------------------------------------
     0 | D:1      | Icepheonix32 the Draconian Fire Elementalist began the
                  | quest for the Orb.
     0 | D:1      | Reached XP level 1. HP: 14/14 MP: 3/3
   258 | D:1      | Found a faded altar of an unknown god.
   277 | D:1      | Reached XP level 2. HP: 4/20 MP: 1/5
   915 | D:1      | Reached skill level 4 in Fire Magic
  1035 | D:1      | Reached XP level 3. HP: 22/26 MP: 6/6
  1649 | D:2      | Found Wof Dydgh's Antique Armour Shoppe.
  1771 | D:2      | Reached XP level 4. HP: 33/33 MP: 5/7
  2140 | D:3      | Reached XP level 5. HP: 30/38 MP: 3/8
  2148 | D:3      | HP: 1/38 [something/magic dart (7)]
  2157 | D:3      | HP: 1/38 [frilled lizard (1)]
  2159 | D:3      | Gained mutation: You are frail. (-10% HP) [potion of
                  | mutation]
  2159 | D:3      | Gained mutation: Your magical capacity is low. (-10% MP)
                  | [potion of mutation]
  2159 | D:3      | Gained mutation: Your tail ends in a venomous barb. [potion
                  | of mutation]
  2163 | D:3      | Slain by an orc wizard

Illustrated notes

Levels and vault maps discovered:
D:1:      dpeg_arrival_ratfight, layout_basic, ebering_ecumenical_altar_box,
          chequers_serial_rivers_room_a
D:2:      layout_rooms, serial_shops, nicolae_shop_stone, minmay_bisected
D:3:      layout_loops_cross, gup_sewer_entry_spiral,
          chequers_serial_rivers_micro_a

Skill      XL: |  1  2  3  4 |
---------------+-------------+-----
Fire Magic     | 4 |  4.9
Dodging        | 2 |  2.3
Conjurations   | 2 |  2.5
Stealth        | |  1.7
Spellcasting   | |  2.0

Action                   |  1- 3 |  4- 6 || total
-------------------------+-------+-------++-------
Melee: Unarmed           |    26 |       ||    26
       Tailslap          |     6 |     2 ||     8
       Dagger            |    50 |    18 ||    68
       Punch             |     1 |       ||     1
 Cast: Foxfire           |    76 |    32 ||   108
  Use: Potion            |       |     6 ||     6
 Stab: Sleeping          |     3 |       ||     3
Armor: Skin              |    45 |    12 ||    57
Dodge: Dodged            |    63 |    14 ||    77
